 Dungeon Crawl Stone Soup version 0.22-a0-619-ga0c6fd2 (webtiles) character file.

163 Gildeon the Bolt Thrower (level 5, -3/45 HPs)
             Began as a Kobold Hunter on July 14, 2018.
             Killed from afar by an orc wizard (7 damage)
             ... with a magic dart
             ... on level 4 of the Dungeon.
             The game lasted 00:16:01 (2605 turns).

Gildeon the Bolt Thrower (Kobold Hunter)            Turns: 2605, Time: 00:16:01

Health: -3/45      AC:  3    Str: 16    XL:     5   Next: 72%
Magic:  5/5        EV: 16    Int: 12    God:
Gold:   178        SH:  0    Dex: 15    Spells: 4/4 levels left

rFire    . . .     SeeInvis .   b - +0 dagger
rCold    . . .     Gourm    .   (shield restricted)
rNeg     . . .     Faith    .   c - +0 leather armour
rPois    .         Spirit   .   (no helmet)
rElec    .         Reflect  .   (no cloak)
rCorr    .         Harm     .   (no gloves)
MR       .....                  (no boots)
Stlth    ..........             j - amulet of rage
HPRegen  0.15/turn              (no ring)
MPRegen  0.09/turn              (no ring)

@: berserking, very quick
A: small, carnivore
a: Evoke Berserk Rage


You were on level 4 of the Dungeon.
You were very full.

You visited 1 branch of the dungeon, and saw 4 of its levels.

You collected 178 gold pieces.

Inventory:

Hand Weapons
 a - a +1 hand crossbow
 b - a +0 dagger (weapon)
 g - a +3 long sword
Missiles
 d - 9 bolts
Armour
 c - a +0 leather armour (worn)
Jewellery
 j - an amulet of rage (around neck)
Scrolls
 q - 2 scrolls of remove curse
Potions
 e - 2 potions of berserk rage
 h - a potion of invisibility {unknown}
 i - a potion of heal wounds {unknown}
 k - a potion of might {unknown}
 l - 2 potions of resistance {unknown}
 n - a potion of curing {unknown}
 r - a potion of degeneration {unknown}
Comestibles
 f - 5 rations


   Skills:
 - Level 2.1 Fighting
 + Level 6.0 Crossbows
 + Level 4.2 Dodging
 + Level 4.4 Stealth


You had 4 spell levels left.
You didn't know any spells.
Your spell library was empty.

Dungeon Overview and Level Annotations

Branches:
Dungeon (4/15)
 Temple: D:4-7

Altars:
The Shining One


Innate Abilities, Weirdness & Mutations

You are small and have problems with some larger weapons.
You are carnivorous and can eat meat at any time.


Message History

A puff of flame appears from out of thin air!
The puff of flame hits you!
* * * LOW HITPOINT WARNING * * *
Okay, then.
You feel less confused.
You see here a scorpion corpse.
A red film seems to cover your vision as you go berserk!
You feel yourself moving faster!
You feel mighty! Something closely misses you.
You barely miss something. You puncture something!
You hear some strange, mumbled words.
A magic dart appears from out of thin air!
The magic dart hits you!
* * * LOW HITPOINT WARNING * * *
You barely miss something. Something hits you but does no damage.
You completely miss something.
You hear some strange, mumbled words.
A magic dart appears from out of thin air!
The magic dart hits you!
You die...

,,,,,,,,* #........# *
,,,,,,>,*#########'#..#
*********
,,,,,,,,,.............#
*,,,,,,,*
,,,,,,,,,*#####..#....#
*,,,,,,,* *****,,,,*
###..#.#### *,,,,,,,+
*,,,,*###...<#....# *,,,,,,,*
*,**,*#.....##.##.# *,,,,,<,*
*,**,*#.#....#.##+###,,,,,,,*
**,**,*#,#.##@#......#,,,,,,,*
*,,,,,,*,#<*#.###....#,,,,,,,*
*,,,,,,*,##*#.# #....#,,,,,,,*
*,***,,,,#,,..#*#....#********
*,,,*,,,,,.,...*#....# ***
***,*,**###.#..,+....# *,,
*,*,,,....#..,#....# *,*
*,*,,,........#....# *,*
*,*,*,......#+#....# ****,,


There were no monsters in sight!

Vanquished Creatures
  A scorpion (D:4)
  An orc priest (D:2)
  An adder (D:2)
  A worm (D:2)
  A dart slug (D:1)
  5 leopard geckos
  3 orcs (D:2)
  2 ball pythons (D:1)
  4 giant cockroaches
  4 goblins
  12 hobgoblins
  9 bats
  3 frilled lizards
  8 kobolds
  7 rats
62 creatures vanquished.

Notes
Turn   | Place    | Note
-------+----------+-------------------------------------------
     0 | D:1      | Gildeon the Kobold Hunter began the quest for the Orb.
     0 | D:1      | Reached XP level 1. HP: 12/12 MP: 1/1
    83 | D:1      | Reached skill level 5 in Crossbows
    83 | D:1      | Reached XP level 2. HP: 9/17 MP: 2/2
   435 | D:1      | Reached XP level 3. HP: 21/21 MP: 3/3
  1082 | D:2      | Reached XP level 4. HP: 23/26 MP: 4/4
  1231 | D:2      | Reached XP level 5. HP: 14/30 MP: 5/5
  1620 | D:2      | Found a glowing golden altar of the Shining One.
  2594 | D:4      | Reached skill level 6 in Crossbows
  2605 | D:4      | Killed from afar by an orc wizard

Vault maps used:
D:1:      wheals_arrival_shading, minmay_misc_feat_columns, minmay_vboxes
D:2:      nicolae_tso_carved_into_rock
D:3:      first_ration
D:4:      uniq_blork_the_orc, uniq_menkaure

Skill      XL: |  1  2  3  4  5 |
---------------+----------------+-----
Crossbows      | 5 6 |  6.0
Stealth        | 2 3 4 |  4.4
Dodging        | 3 4 |  4.2
Fighting       | |  2.1

Action                   |  1- 3 |  4- 6 || total
-------------------------+-------+-------++-------
Melee: Short sword       |     6 |       ||     6
       Dagger            |     2 |    43 ||    45
 Fire: Hand crossbow     |    80 |    38 ||   118
  Use: Scroll            |       |     5 ||     5
       Potion            |       |     1 ||     1
 Stab: Sleeping          |     3 |     2 ||     5
  Eat: Chunk             |     9 |     3 ||    12
Armor: Leather armour    |     6 |     8 ||    14
Dodge: Dodged            |    38 |    43 ||    81

Table legend:
 A = Spawn XP
 B = Non-spawn XP
 C = Spawn XP percentage of total XP
 D = Spawn monster count
 E = Non-spawn monster count
 F = Spawn count percentage of total count
 G = Total turns spent on level
                    A         B        C        D         E        F      G
               +---------+---------+-------+---------+---------+-------+---------
         Total |       0 |     233 |   0.0 |       0 |      62 |   0.0 |  2605
               +---------+---------+-------+---------+---------+-------+---------
           D:1 |       0 |      52 |   0.0 |       0 |      28 |   0.0 |   988
           D:2 |       0 |     109 |   0.0 |       0 |      29 |   0.0 |   778
           D:3 |       0 |       3 |   0.0 |       0 |       3 |   0.0 |   744
           D:4 |       0 |      69 |   0.0 |       0 |       2 |   0.0 |    95
               +---------+---------+-------+---------+---------+-------+---------
